Camille, chaotic female elven Wizard ----------------------------------------------------------------------------- | | > | | | | | | | | ----------------------------------------------- --- --- |-- | | | | | | | | | | | |---------------------------| | | | | | | | | | | ----- | | --- | --- || | | | ^4| |------ | | --- | |-----| | | | | | | | || | | }}}}}}} | | | 5 | | | | | | --- | | ------| || ^-----|( | }}---}} |-----| |------------------ --- | | | | | | | | | || | | | }--^--} | | | | | | | | | |-- | | --| | | | | | || | > | | }|^ ^|} | | |^.3|2|2--- | | | ----| --| | | | | | | | | | || |-------| }--^--} | | | |.| 25| | | | | | | | --- --- | | | | | | || | | }}---}} | | | |.----- |-------| | | | | | | | | | | || | ^| }}}}}}} |2 | | |.@.... | | | | | | | ------------- |-- || | | | | | |D----- | ----- | | --- | | | | | | || | |---------------| |. | | | | | | | | | | --- ----------|| | | | |-- | | ----- |---------| | | | | | |---------------------------| | | | | | | | --- | ----- ------- ------------------------------- ----------- --- | --- | | | | 5 | | ----------------------------------------------------------------------------- Camille the Sorceress Experience level: 20 Strength: 17 Dexterity: 18 Constitution: 15 Intelligence: 25 Wisdom: 23 Charisma: 18 Health: 106(115) Energy: 260(285) Def: 44 Gold: 0 Moves: 32172 Dungeon seed: 7WbWM6bI2dihPxCB Game ID: Camille_1563557239 Your Inventory: Amulets b - an uncursed amulet of ESP c - a cursed amulet of unchanging j - an uncursed amulet of unchanging o - an uncursed amulet of ESP s - an uncursed amulet of flying O - an uncursed amulet of life saving (being worn) Y - the blessed Eye of the Aethiopica Weapons t - the blessed rustproof +2 Magicbane (weapon in hand) Armor a - a blessed +3 pair of leather gloves (being worn) n - a blessed +5 cornuthaum (being worn) r - a blessed +5 pair of speed boots (being worn) y - a blessed +4 silver dragon scale mail (being worn) F - a blessed +4 cloak of magic resistance (being worn) Comestibles w - 2 uncursed tins of orc-captain meat Q - 3 uncursed tripe rations U - 2 uncursed food rations W - an uncursed cram ration Rings d - a cursed ring of aggravate monster g - an uncursed ring of regeneration h - a cursed ring of invisibility m - an uncursed ring of protection from shape changers B - an uncursed ring of fire resistance E - an uncursed -2 ring of increase damage G - an uncursed ring of slow digestion (on left hand) I - an uncursed ring of teleport control K - an uncursed ring of cold resistance P - a cursed -1 ring of stealth S - a cursed ring of teleportation T - an uncursed ring of sustain ability Wands k - a wand of polymorph (0:5) u - a wand of secret door detection (0:13) v - a blessed wand of teleportation (0:8) A - a wand of striking (0:7) J - a wand of death (0:4) M - a wand of enlightenment (0:15) R - a wand of fire (1:6) Tools e - a +0 unicorn horn f - a magic marker (0:53) l - a blessed magic lamp (lit) q - an uncursed stethoscope z - a blessed bag of holding H - an uncursed magic whistle N - a +0 unicorn horn X - a +0 unicorn horn Gems i - a blessed luckstone Contents of the bag of holding: an uncursed amulet of life saving an uncursed amulet of life saving the +0 Valerian an uncursed +0 mummy wrapping an uncursed scroll of create monster 2 cursed scrolls of create monster an uncursed scroll of identify a blessed scroll of teleportation an uncursed scroll of teleportation a cursed scroll of teleportation an uncursed potion of fruit juice 2 uncursed potions of invisibility a +0 pick-axe a blessed tinning kit (0:78) an uncursed agate an uncursed amber 3 uncursed amethysts an uncursed aquamarine 4 uncursed chrysoberyls 3 uncursed diamonds an uncursed dilithium crystal 7 uncursed emeralds 4 uncursed fluorites an uncursed garnet 7 uncursed jades 8 uncursed jaspers an uncursed luckstone 2 uncursed obsidians 7 uncursed opals 5 uncursed rubies 5 uncursed sapphires 6 uncursed topazes an uncursed turquoise Spells and supernatural/magical abilities: Name Level Category Fail Memory a - force bolt 1 attack 0% 47% c - cause fear 3 enchantment 0% 47% d - dig 2 matter 0% 86% e - charm monster 5 enchantment 0% 94% f - fireball 4 attack 0% 49% h - healing 1 healing 0% 56% i - invisibility 4 escape 0% 57% j - jumping 1 escape 0% 64% k - knock 1 matter 0% 64% l - light 1 divination 0% 58% m - magic missile 2 attack 0% 84% n - detect monsters 1 divination 0% 84% o - cone of cold 4 attack 0% 49% p - protection 1 clerical 0% 98% r - remove curse 3 clerical 0% 84% s - slow monster 1* enchantment 0% 0% u - confuse monster 2 enchantment 0% 77% v - clairvoyance 3* divination 0% 0% w - wizard lock 2 matter 0% 84% x - extra healing 3 healing 0% 86% z - sleep 2 enchantment 0% 47% A - create familiar 6 clerical 0% 65% B - cure blindness 2 healing 0% 69% E - detect food 2 divination 0% 55% F - finger of death 7 attack 0% 24% G - detect treasure 4 divination 0% 5% H - haste self 3 escape 0% 71% I - identify 3 divination 0% 87% K - cure sickness 3 healing 0% 56% L - levitation 4 escape 0% 59% M - magic mapping 5 divination 0% 86% O - create monster 2* clerical 0% 0% P - polymorph 6 matter 0% 97% S - stone to flesh 3 healing 0% 86% T - turn undead 4 clerical 0% 85% U - detect unseen 3 divination 0% 98% V - teleportitis -- ability ? -- W - pray for help -- divine ? -- Your skills at the end: Miscellaneous Skills wands [Expert] Weapon Skills dagger [Basic] quarterstaff [Basic] Spellcasting Skills attack spells [Expert] healing spells [Basic] divination spells [Skilled] enchantment spells [Skilled] clerical spells [Skilled] escape spells [Skilled] matter spells [Expert] Final Attributes: You were the Glory of Arioch. You were piously aligned. You were fire resistant. You were cold resistant. You were sleep resistant. You were shock resistant. You were poison resistant. You were magic-protected. You saw invisible. You were telepathic. You were warned. You were clairvoyant. You had infravision. You were invisible to others. You were very stealthy. You could teleport. You had teleport control. You had slower digestion. You were protected. You were very fast. You had reflection. Your life would have been saved. You were extremely lucky. You had extra luck. Good luck did not time out for you. You survived. Vanquished creatures: Medusa Croesus 3 krakens 5 gray dragons 2 white dragons a black dragon a yellow dragon a storm giant 2 titans 2 deep ettins a balrog 3 minotaurs 2 jabberwocks The Dark One 3 baluchitheria a young gray dragon 2 young silver dragons a young red dragon a young white dragon 3 young orange dragons a young blue dragon a demilich 3 stone golems 2 Olog-hai a pit fiend a sandestin 2 titanotheres 5 trappers 2 gryphons a disenchanter 7 vampire lords 6 captains 6 liches a water troll 4 clay golems 4 nurses 2 ice devils 2 nalfeshnees 2 lurkers above a golden naga 2 black puddings 13 vampires 21 ghosts 6 ettins 13 lieutenants a queen bee a winged gargoyle 4 mind flayers 4 giant mimics 8 fire giants 7 ice trolls a rock troll 7 umber hulks 3 doppelgangers 4 hezrous 3 bone devils 6 large mimics 4 wumpuses 9 long worms 3 couatls 6 stalkers an air elemental 2 fire elementals 2 water elementals 4 giant mummies 38 xorns 9 giant zombies 20 sergeants 7 vrocks 13 wargs 2 winter wolves 8 quantum mechanics 3 small mimics 2 island nymphs a glass piercer 6 warhorses 3 steam vortices 8 xans an ettin mummy 27 trolls a sasquatch 3 wood golems a marilith a djinni 3 pyrolisks 2 large dogs 3 freezing spheres 3 flaming spheres 4 shocking spheres 4 large cats 2 tigers 5 gargoyles 3 dwarf kings 14 tengu 4 gelatinous cubes 3 ochre jellies 2 crocodiles 2 chameleons 4 leocrottas an energy vortex 4 mountain centaurs 13 giants 4 elf mummies 3 human mummies a red naga 3 pit vipers 3 pythons 2 cobras 38 wraiths 11 ettin zombies 3 leather golems 116 soldiers 3 succubi 6 incubi 6 giant beetles 6 cockatrices 5 wolves 6 winter wolf cubs 2 black lights a lynx 4 panthers a gremlin 19 leprechauns a quivering blob a spotted jelly 10 lizards 4 mountain nymphs 5 orc-captains 4 mumakil 6 giant spiders 2 scorpions 3 iron piercers 5 horses 3 ice vortices 109 vampire bats 3 forest centaurs 6 gnome kings 3 orc mummies a dwarf mummy 3 brown puddings 2 Green-elves 4 rust monsters 10 owlbears 7 yetis 2 gold golems a werewolf 2 piranhas 8 giant eels a chickatrice 3 dogs 2 dingos 5 housecats 4 jaguars 4 dwarf lords 4 blue jellies 3 water nymphs 6 white unicorns 5 gray unicorns 3 dust vortices 19 ravens 7 plains centaurs 2 gnome mummies 2 Woodland-elves 9 snakes 6 apes 24 human zombies 7 rope golems 7 soldier ants 15 fire ants 17 yellow lights 24 bugbears 4 imps 4 wood nymphs 14 Mordor orcs 26 Uruk-hai 17 orc shamans 4 rock moles 7 rock piercers 3 ponies 3 fog clouds 6 shriekers 6 violet fungi 25 gnome lords 6 gnomish wizards 6 kobold mummies 2 black naga hatchlings 3 guardian naga hatchlings 3 gray oozes 5 barrow wights 10 elf zombies 14 ghouls 2 straw golems 4 paper golems 8 giant ants 3 puppies 10 floating eyes a kitten 24 dwarves 5 homunculi 2 quasits 3 kobold lords 6 kobold shamans 16 iguanas 22 hill orcs 6 rothes 2 rabid rats 4 centipedes 9 jitterbugs 29 giant bats 2 monkeys 8 orc zombies 17 dwarf zombies 4 wererats a werejackal 71 killer bees 7 coyotes 3 gas spores 10 hobbits 5 acid blobs 3 large kobolds 10 geckos 29 hobgoblins 17 giant rats 10 cave spiders 4 brown molds 4 yellow molds 6 green molds 3 red molds 63 gnomes 13 garter snakes 35 manes 8 gnome zombies 21 jackals 5 foxes 4 kobolds 23 newts 18 goblins 8 sewer rats 12 grid bugs 25 bats 13 lichens 8 kobold zombies 1877 creatures vanquished. Genocided or extinct species: vampire bats (extinct) soldiers (extinct) 2 species extinct. Voluntary challenges: You were not displaced. You used a wielded weapon 779 times, starting on turn 85. You did not use sinks. You read items or engraved 507 times, starting on turn 460. You never genocided any monsters. You polymorphed 168 items, starting on turn 31499. You never changed form. You cheated 1 time but completed Sokoban on turn 6135. You used 3 wishes, starting on turn 6753. You did not wish for any artifacts. You split 1 pudding, starting on turn 20140. You wrote Elbereth's name 2 times, starting on turn 2067. You violated your moral code, losing 4 points of alignment, starting on turn 4044. Dungeon overview: The Dungeons of Doom: levels 1 to 27 Level 1 some fountains a long staircase Level 2 stairs to The Gnomish Mines Level 3 some fountains Level 4 Level 5 many fountains Level 6 stairs to Sokoban Level 7 a fountain Level 8 an altar to Anhur, some fountains Level 9 a fountain Level 10 a fountain Level 11 Level 12 a delicatessen, some fountains portal to The Quest Level 13 a fountain portal to Fort Ludios Level 14 Level 15 a temple to Thoth Level 16 a sink Level 17 an altar to Anhur, a throne Level 18 Level 19 a fountain Level 20 some fountains Level 21 Level 22 Level 23 Level 24 Level 25 Level 26 a fountain Level 27 a magic chest, some fountains, some thrones, some trees Gehennom: levels 28 to 44 Level 28 a temple to Moloch, a magic chest stairs to The Dungeons of Doom Level 29 Level 30 Level 31 Level 32 Level 33 Level 34 Level 35 Level 36 some fountains Level 37 Level 38 Level 39 Level 40 a magic chest a long staircase Level 41 Level 42 an altar to Moloch, a magic chest Level 43 Level 44 <- You were here a magic chest The Gnomish Mines: levels 3 to 10 Level 3 stairs to The Dungeons of Doom Level 4 Level 5 many shops, a temple to Anhur, a magic chest, some fountains, some trees Level 6 Level 7 Level 8 Level 9 Level 10 many altars to Moloch, a magic chest, some fountains The Quest: levels 1 to 6 Level 1 a magic chest, a throne portal to The Dungeons of Doom Level 2 Level 3 Level 4 Level 5 Level 6 a temple to Anhur Sokoban: levels 2 to 5 Level 2 a magic chest Level 3 a delicatessen, a magic chest Level 4 Level 5 an altar to Anhur, a magic chest stairs to The Dungeons of Doom Fort Ludios: Level 1 a magic chest, a throne portal to The Dungeons of Doom History has recorded: On T:1 you entered the Dungeons of Doom to retrieve the Amulet of Yendor! On T:63 you reached level 2 of The Dungeons of Doom. On T:373 you reached level 3 of The Dungeons of Doom. On T:703 you reached level 1 of The Gnomish Mines. On T:775 you advanced to experience level 2. On T:779 you advanced to experience level 3. On T:803 you advanced to experience level 4. On T:855 you prayed to Anhur. On T:1092 you reached level 2 of The Gnomish Mines. On T:1109 you advanced to experience level 5. On T:1451 you reached level 3 of The Gnomish Mines. On T:1549 you advanced to experience level 6. On T:1666 you entered the Minetown temple On T:1694 you opened a magic chest. On T:1800 you reached level 4 of The Gnomish Mines. On T:2243 you prayed to Anhur. On T:2531 you reached level 4 of The Dungeons of Doom. On T:3085 you reached level 5 of The Dungeons of Doom. On T:3246 you advanced to experience level 7. On T:3691 you reached level 6 of The Dungeons of Doom. On T:3766 you reached level 7 of The Dungeons of Doom. On T:3963 you reached level 4 of Sokoban. On T:4254 you reached level 3 of Sokoban. On T:4460 you prayed to Anhur. On T:4594 you reached level 2 of Sokoban. On T:5185 you reached level 1 of Sokoban. On T:5915 you prayed to Anhur. On T:6135 you entered the Sokoban zoo. On T:6244 you advanced to experience level 8. On T:6753 you wished for "blessed fireproof +2 boots of speed". On T:6762 you wished for "blessed ring of slow digestion". On T:7864 you reached level 5 of The Gnomish Mines. On T:7906 you reached level 6 of The Gnomish Mines. On T:7962 you reached level 7 of The Gnomish Mines. On T:7992 you reached level 8 of The Gnomish Mines. On T:7992 you reached the bottom of the Mines. On T:9243 you advanced to experience level 9. On T:10382 you prayed to Anhur. On T:10439 you wished for "blessed +2 silver dragon scale mail". On T:11901 you advanced to experience level 10. On T:12662 you reached level 8 of The Dungeons of Doom. On T:13014 you received Magicbane from Anhur. On T:13161 you reached level 9 of The Dungeons of Doom. On T:13279 you advanced to experience level 11. On T:13383 you reached level 10 of The Dungeons of Doom. On T:13594 you reached level 11 of The Dungeons of Doom. On T:13788 you reached level 13 of The Dungeons of Doom. On T:13807 you reached level 14 of The Dungeons of Doom. On T:13920 you reached Fort Ludios. On T:14085 you reached level 12 of The Dungeons of Doom. On T:14338 you reached level 1 of The Quest. On T:15144 you reached level 15 of The Dungeons of Doom. On T:15334 you reached level 16 of The Dungeons of Doom. On T:15533 you reached level 17 of The Dungeons of Doom. On T:16241 you reached level 18 of The Dungeons of Doom. On T:16241 you entered the Rogue tribute level. On T:16748 you prayed to Anhur. On T:16751 you were chosen to steal souls for your god's glory! On T:16836 you advanced to experience level 12. On T:16842 you advanced to experience level 13. On T:18889 you killed Croesus in Fort Ludios. On T:20778 you advanced to experience level 14. On T:21283 you embarked upon an epic quest. On T:21292 you reached level 2 of The Quest. On T:21461 you reached level 3 of The Quest. On T:21882 you reached level 4 of The Quest. On T:21896 you reached level 5 of The Quest. On T:22046 you reached level 6 of The Quest. On T:22360 you killed Dark One on level 6 of The Quest. On T:22527 you completed the quest! On T:22965 you prayed to Anhur. On T:23010 you prayed to Anhur. On T:23282 you prayed to Anhur. On T:23422 you prayed to Anhur. On T:23572 you prayed to Anhur. On T:23595 you advanced to experience level 15. On T:23720 you prayed to Anhur. On T:23820 you prayed to Anhur. On T:23925 you prayed to Anhur. On T:24818 you prayed to Anhur. On T:24917 you prayed to Anhur. On T:24965 you advanced to experience level 16. On T:24989 you advanced to experience level 17. On T:25041 you prayed to Anhur. On T:25182 you prayed to Anhur. On T:25795 you reached level 19 of The Dungeons of Doom. On T:25933 you reached level 20 of The Dungeons of Doom. On T:25971 you reached level 21 of The Dungeons of Doom. On T:26210 you killed Medusa on level 21 of The Dungeons of Doom. On T:26223 you reached level 22 of The Dungeons of Doom. On T:26481 you reached level 23 of The Dungeons of Doom. On T:26782 you reached level 24 of The Dungeons of Doom. On T:27155 you reached level 25 of The Dungeons of Doom. On T:27919 you reached level 26 of The Dungeons of Doom. On T:28044 you reached The Castle. On T:28610 you prayed to Anhur. On T:29958 you prayed to Anhur. On T:30463 you advanced to experience level 18. On T:30620 you advanced to experience level 19. On T:30813 you advanced to experience level 20. On T:31036 you reached level 2 of Gehennom. On T:31178 you reached level 3 of Gehennom. On T:31284 you reached level 4 of Gehennom. On T:31410 you reached level 5 of Gehennom. On T:31840 you reached level 6 of Gehennom. On T:31842 you reached level 7 of Gehennom. On T:31852 you reached level 8 of Gehennom. On T:31939 you reached level 9 of Gehennom. On T:31987 you reached level 10 of Gehennom. On T:32054 you reached level 11 of Gehennom. On T:32062 you reached level 12 of Gehennom. On T:32145 you reached level 13 of Gehennom. On T:32148 you reached level 14 of Gehennom. On T:32159 you reached level 15 of Gehennom. On T:32162 you reached level 16 of Gehennom. On T:32171 you reached level 17 of Gehennom. Score breakdown: Gold: 0 ( 0 points) Experience: 20 levels ( 1900 points) Exploration: 44 levels ( 1290 points) Discoveries: 197 items ( 2000 points) Variety of kills: 242 monsters ( 2000 points) Major goal: finished the Quest ( 2000 points) Survival: quit (score multiplied by 3) Total score: 27570 Latest messages: Hello Camille, the elven Wizard, welcome back to NetHack! Final status: Goodbye Camille the Wizard, quit... You quit in Gehennom on dungeon level 44 with 27570 points, and 0 pieces of gold, after 32172 moves. You were level 20 with a maximum of 115 hit points when you quit.